Map: Sludge City

Players

ANDROID

  • Race: Terran Terran
  • League: Diamond
  • Spawn Location: 5:00

Respekt

  • Race: Protoss Protoss
  • League: Platinum
  • Spawn Location: 5:00

Musumeci

  • Race: Zerg Zerg
  • League: Diamond
  • Spawn Location: 9:00

MichyMoko

  • Race: Zerg Zerg
  • Spawn Location: 11:00

VOD

Have the link to the VOD?

Description

Time

  • Played on: Jan. 1, 2017, 10:59 a.m.
  • Length: 15:08
Show
View Real Time Build Order
Export as new Build Order

ANDROID Terran 

Build Orders: Command Center First (CC), Mech 

Get SALT Encoding   

  12  0:13  SCV  
  13  0:25  SCV  
  14  0:33  Supply Depot  
  14  0:37  SCV  
  15  0:54  SCV  
  16  1:03  Command Center  
  16  1:15  SCV  
  17  1:21  Barracks  
  16  1:38  SCV  
  17  1:42  Supply Depot  
  17  1:50  SCV  
  18  2:02  Refinery, SCV  
  19  2:18  Command Center  
  19  2:23  Marine  
  20  2:34  SCV x2  
  22  2:45  Marine  
  23  2:54  SCV  
  23  2:55  SCV  
  23  2:56  Bunker  
  25  3:03  Marine  
  25  3:20  SCV x2, Marine, Factory  
  28  3:38  Marine  
  29  3:47  Bunker  
  29  3:56  Marine  
  29  3:58  Refinery  
  29  3:59  Orbital Command x3, Refinery  
  30  4:04  Refinery  
  30  4:09  Factory Tech Lab  
  30  4:12  Factory  
  30  4:14  Marine  
  31  4:21  Supply Depot  
  31  4:27  SCV x2  
  33  4:33  SCV  
  34  4:39  SCV  
  34  4:40  SCV  
  34  4:41  Siege Tank  
  34  4:43  Refinery  
  34  4:45  SCV  
  40  4:50  Refinery  
  40  4:52  SCV x2  
  42  5:14  Marine  
  42  5:15  Factory Tech Lab  
  42  5:16  Siege Tank  
  42  5:17  SCV x3  
  42  5:18  Bunker  
  49  5:26  Armory  
  49  5:29  SCV x3, Armory  
  49  5:33  Factory  
  52  5:37  Factory  
  52  5:53  SCV x3  
  55  6:04  Siege Tank x2  
  61  6:05  SCV x3  
  61  6:11  Supply Depot  
  64  6:15  Supply Depot  
  64  6:17  SCV x3  
  67  6:18  Terran Vehicle Weapons Level 1, Terran Vehicle And Ship Armor Level 1  
  67  6:21  Factory Tech Lab x2  
  67  6:29  SCV x2  
  67  6:32  SCV  
  70  6:41  SCV x2  
  70  6:44  SCV  
  70  6:46  Siege Tank x4  
  85  6:55  Engineering Bay  
  85  7:00  SCV x2, Supply Depot x2  
  87  7:03  Supply Depot  
  87  7:08  Supply Depot  
  87  7:10  Supply Depot  
  87  7:26  Hi-Sec Auto Tracking  
  87  7:27  Missile Turret  
  87  7:28  Supply Depot  
  87  7:29  Missile Turret  
  87  7:36  Supply Depot  
  87  7:44  Thor x3  
  105  7:59  Supply Depot  
  105  8:05  SCV x2  
  107  8:11  Supply Depot  
  107  8:13  SCV  
  107  8:14  Supply Depot  
  107  8:16  Supply Depot  
  107  8:17  SCV x2, Supply Depot  
  107  8:18  Supply Depot  
  110  8:25  SCV  
  111  8:29  SCV  
  112  8:46  Command Center  
  112  8:54  Thor x3  
  112  8:55  Thor  
  136  8:57  Terran Vehicle Weapons Level 2  
  136  8:58  Terran Vehicle And Ship Armor Level 2  
  136  9:06  Command Center  
  136  9:11  Building Armor  
  136  9:20  Starport  
  136  9:23  Starport  
  136  9:25  Starport  
  136  9:35  SCV x3  
  136  9:37  Thor x2  
  151  9:43  Supply Depot  
  151  9:46  Supply Depot  
  151  9:47  SCV x2  
  153  9:59  Orbital Command  
  147  10:17  Missile Turret  
  147  10:24  Planetary Fortress, Sensor Tower  
  147  10:31  Starport Reactor x3  
  147  10:36  Thor x4  
  147  10:38  Missile Turret, SCV x4  
  175  10:44  Refinery  
  175  10:46  Refinery  
  175  10:50  SCV  
  176  10:59  Missile Turret  
  176  11:19  Missile Turret  
  176  11:24  Terran Vehicle Weapons Level 3  
  176  11:25  Terran Vehicle And Ship Armor Level 3  
  176  11:34  Refinery  
  176  11:45  Missile Turret, Siege Tank x2  
  176  11:46  Siege Tank x2  
  188  11:49  Missile Turret  
  188  11:52  Refinery  
  188  12:08  Missile Turret  
  188  12:09  Missile Turret  
  188  12:40  Siege Tank  
  188  12:41  Siege Tank x3  
  167  13:12  Thor, Siege Tank  
  167  13:13  Siege Tank x2  
  179  13:44  Thor  
  179  13:45  Thor x2  
Show
View Real Time Build Order
Export as new Build Order

Respekt Protoss 

Build Orders:  

Get SALT Encoding   

  12  0:02  Probe (Chrono Boost)  
  13  0:12  Probe (Chrono Boost)  
  14  0:18  Pylon  
  14  0:23  Probe (Chrono Boost)  
  15  0:36  Probe (Chrono Boost)  
  15  0:41  Gateway  
  16  0:47  Probe (Chrono Boost)  
  17  0:51  Assimilator  
  17  0:57  Probe (Chrono Boost)  
  18  1:08  Probe (Chrono Boost)  
  19  1:18  Pylon, Probe (Chrono Boost)  
  20  1:29  Cybernetics Core, Probe (Chrono Boost)  
  21  1:39  Probe (Chrono Boost)  
  22  1:47  Assimilator  
  21  1:52  Gateway  
  21  2:08  Nexus  
  21  2:16  Pylon  
  21  2:18  Probe (Chrono Boost)  
  22  2:29  Mothership Core (Chrono Boost)  
  24  2:35  Adept  
  26  2:48  Pylon, Probe (Chrono Boost)  
  27  2:51  Warp Gate  
  27  2:56  Adept  
  29  3:02  Stalker  
  32  3:20  Probe (Chrono Boost)  
  32  3:21  Probe (Chrono Boost)  
  34  3:41  Probe (Chrono Boost)  
  34  3:46  Stargate  
  34  3:49  Adept  
  34  3:53  Adept  
  38  3:59  Probe (Chrono Boost)  
  38  4:00  Assimilator  
  38  4:01  Assimilator  
  39  4:12  Probe (Chrono Boost)  
  39  4:13  Pylon  
  39  4:15  Pylon  
  40  4:27  Probe (Chrono Boost)  
  40  4:30  Phoenix, Fleet Beacon  
  41  4:35  Probe (Chrono Boost)  
  45  4:40  Probe (Chrono Boost)  
  45  4:46  Probe (Chrono Boost)  
  45  4:52  Probe (Chrono Boost)  
  47  4:56  Probe (Chrono Boost)  
  48  5:10  Probe (Chrono Boost)  
  49  5:14  Carrier  
  49  5:16  Probe (Chrono Boost)  
  56  5:22  Stargate, Protoss Air Weapons Level 1  
  56  5:23  Probe (Chrono Boost)  
  57  5:31  Probe (Chrono Boost)  
  57  5:35  Probe (Chrono Boost)  
  59  5:42  Stargate  
  60  5:43  Probe (Chrono Boost)  
  60  5:53  Adept x2  
  60  5:56  Gateway  
  64  5:57  Gateway  
  64  6:04  Probe (Chrono Boost)  
  65  6:16  Carrier  
  69  6:23  Pylon  
  69  6:25  Pylon  
  69  6:28  Pylon  
  70  6:33  Probe (Chrono Boost)  
  70  6:36  Forge  
  70  6:41  Phoenix  
  70  6:45  Carrier  
  78  6:57  Nexus  
  78  6:59  Pylon  
  78  7:01  Pylon  
  78  7:07  Carrier, Graviton Catapult  
  84  7:18  Probe (Chrono Boost)  
  84  7:22  Probe (Chrono Boost)  
  86  7:26  Pylon  
  86  7:29  Photon Cannon  
  84  7:39  Adept  
  84  7:40  Adept x3  
  84  7:43  Photon Cannon  
  92  7:46  Carrier  
  92  7:47  Photon Cannon  
  87  8:06  Adept x4  
  87  8:11  Pylon  
  95  8:20  Protoss Air Weapons Level 2  
  89  8:30  Carrier  
  89  8:43  Stalker  
  89  8:44  Stalker  
  99  8:53  Nexus  
  99  8:55  Pylon  
  99  9:04  Carrier, Pylon  
  99  9:08  Pylon, Probe (Chrono Boost)  
  107  9:10  Probe (Chrono Boost)  
  106  9:23  Adept  
  108  9:24  Adept x2  
  108  9:25  Adept  
  114  9:47  Carrier  
  105  9:54  Probe (Chrono Boost)  
  103  10:04  Probe (Chrono Boost)  
  103  10:06  Probe (Chrono Boost)  
  105  10:24  Nexus  
  105  10:25  Pylon  
  105  10:31  Carrier  
  105  10:35  Pylon  
  105  10:41  Probe (Chrono Boost)  
  106  10:49  Carrier  
  103  11:06  Nexus  
  101  11:19  Nexus  
  101  11:24  Pylon  
  101  11:26  Pylon  
  101  11:30  Stalker x2  
  105  11:37  Probe (Chrono Boost)  
  106  11:43  Pylon  
  106  11:45  Probe (Chrono Boost)  
  107  11:58  Stalker x2  
  111  12:06  Stalker  
  113  12:21  Nexus  
  115  12:23  Probe (Chrono Boost)  
  115  12:24  Probe (Chrono Boost)  
  115  12:26  Probe (Chrono Boost)  
  117  12:37  Probe (Chrono Boost)  
  117  12:49  Twilight Council  
  117  12:58  Probe (Chrono Boost)  
  118  13:12  Adept  
  120  13:19  Adept  
  104  13:39  Probe (Chrono Boost)  
  104  13:40  Probe (Chrono Boost)  
  104  13:41  Probe x2 (Chrono Boost)  
  108  13:50  Probe x2 (Chrono Boost)  
  108  13:53  Probe x2 (Chrono Boost)  
  112  13:57  Templar Archives  
  112  14:00  Probe (Chrono Boost)  
  113  14:08  Probe (Chrono Boost)  
  113  14:09  Probe x2 (Chrono Boost)  
  84  14:40  Adept x3  
  84  14:41  Adept  
  92  15:01  Stalker x4  
  100  15:07  Photon Cannon  
Show
View Real Time Build Order
Export as new Build Order

Musumeci Zerg 

Build Orders: Hatch First 

Get SALT Encoding   

  12  0:01  Drone  
  13  0:08  Drone  
  13  0:13  Extractor  
  13  0:16  Drone  
  15  0:40  Hatchery  
  14  0:44  Extractor  
  14  0:45  Drone  
  15  1:04  Spawning Pool  
  14  1:15  Drone, Extractor  
  15  1:27  Extractor  
  15  1:29  Drone, Extractor x2  
  15  1:30  Drone  
  15  1:32  Overlord  
  17  1:52  Queen, Drone  
  20  1:58  Zergling x4  
  21  2:12  Zergling x4  
  23  2:18  Drone  
  23  2:19  Drone  
  23  2:21  Queen  
  27  2:40  Drone  
  28  2:46  Extractor  
  27  2:55  Drone  
  28  3:06  Extractor  
  26  3:21  Queen  
  26  3:26  Zergling x2  
  27  3:39  Zergling x2  
  27  3:47  Metabolic Boost  
  27  3:50  Overlord  
  27  3:51  Overlord  
  27  4:08  Queen  
  29  4:10  Zergling x6  
  29  4:11  Zergling x6  
  29  4:13  Drone  
  29  4:14  Drone x7  
  29  4:15  Baneling Nest  
  42  4:42  Overlord x2  
  42  4:43  Overlord x2  
  41  5:05  Zergling x4  
  41  5:06  Zergling x8  
  43  5:10  Spore Crawler  
  43  5:12  Spore Crawler  
  41  5:30  Roach Warren  
  41  5:33  Drone  
  41  5:34  Drone x4  
  45  5:36  Lair  
  37  5:51  Drone x3  
  37  5:53  Drone x2  
  37  5:55  Drone  
  43  6:00  Evolution Chamber  
  42  6:19  Extractor  
  42  6:20  Drone x3  
  42  6:21  Drone, Extractor  
  42  6:22  Drone x2  
  46  6:35  Overlord x2  
  46  6:46  Drone x3  
  49  6:50  Hatchery  
  48  7:02  Zergling x8  
  48  7:03  Glial Reconstitution, Zerg Missile Weapons Level 1  
  48  7:05  Roach x4  
  60  7:18  Roach x5  
  67  7:52  Roach x3  
  73  8:05  Ravager x4  
  77  8:06  Ravager x3  
  77  8:08  Ravager  
  77  8:09  Ravager  
  72  8:33  Roach  
  72  8:34  Roach x8  
  90  8:53  Overlord x2  
  90  8:54  Overlord x3  
  90  8:59  Spire  
  90  9:00  Overlord x2  
  90  9:01  Overlord  
  89  9:11  Queen  
  80  9:58  Roach  
  80  9:59  Roach x19  
  88  10:25  Corruptor  
  88  10:26  Corruptor x6  
  102  10:34  Ravager x4  
  102  10:35  Ravager x2  
  108  10:36  Ravager  
  108  10:39  Extractor x2  
  107  10:46  Zergling x2  
  108  11:10  Extractor  
  98  11:11  Hatchery  
  98  11:15  Extractor  
  88  11:29  Corruptor x4, Ravager x2  
  97  12:07  Corruptor x4  
  91  12:25  Drone x2  
  91  12:26  Drone  
  52  13:14  Drone  
  52  13:15  Drone  
  50  13:21  Corruptor x9  
  66  13:42  Corruptor x3  
  66  13:47  Corruptor  
  43  14:31  Corruptor x3  
Show
View Real Time Build Order
Export as new Build Order

MichyMoko Zerg 

Build Orders: Hatch First 

Get SALT Encoding   

  12  0:02  Drone  
  13  0:13  Overlord  
  13  0:18  Drone  
  15  0:42  Drone  
  15  0:43  Drone x2  
  17  0:57  Hatchery  
  17  1:01  Drone  
  17  1:15  Spawning Pool  
  17  1:17  Drone  
  17  1:22  Extractor  
  17  1:23  Drone  
  17  1:37  Drone x2  
  19  2:02  Zergling x4  
  21  2:12  Queen  
  21  2:14  Queen  
  25  2:18  Zergling x4  
  27  2:27  Drone  
  28  2:37  Overlord x2  
  28  2:38  Overlord  
  28  2:45  Overlord  
  28  2:51  Roach Warren  
  28  2:53  Metabolic Boost  
  27  2:58  Drone  
  27  2:59  Drone  
  27  3:02  Drone  
  30  3:12  Drone x2  
  32  3:21  Drone x2  
  32  3:25  Queen  
  36  3:32  Roach  
  36  3:34  Roach  
  39  3:48  Drone x3  
  41  3:49  Drone  
  41  3:51  Roach x2  
  47  4:01  Drone x5  
  47  4:02  Drone  
  53  4:09  Extractor  
  52  4:10  Extractor  
  52  4:13  Drone x3  
  52  4:14  Extractor  
  53  4:17  Lair  
  53  4:39  Roach x3  
  53  4:42  Overlord x2  
  59  4:55  Hatchery  
  58  5:12  Spore Crawler  
  57  5:19  Spore Crawler  
  56  5:32  Hydralisk Den  
  55  5:36  Drone x6  
  55  5:37  Evolution Chamber x2  
  59  5:49  Drone x4  
  64  5:50  Drone, Overlord x4  
  64  5:58  Glial Reconstitution  
  64  6:00  Roach  
  66  6:21  Zerg Ground Armor Level 1, Zerg Missile Weapons Level 1  
  66  6:27  Hydralisk x5  
  66  6:28  Hydralisk x3  
  82  6:51  Overlord x2  
  82  6:52  Drone x4  
  86  6:55  Overseer  
  86  6:59  Muscular Augments  
  86  7:03  Hydralisk  
  86  7:04  Hydralisk x5  
  98  7:33  Hydralisk x6  
  109  8:09  Hydralisk  
  109  8:10  Hydralisk x5  
  121  8:17  Drone, Extractor  
  121  8:18  Drone  
  121  8:19  Overlord x3  
  119  8:32  Hydralisk x2  
  119  8:33  Hydralisk x6  
  121  8:35  Overlord x2  
  121  8:39  Zerg Missile Weapons Level 2  
  121  8:49  Overlord x2  
  121  8:52  Extractor  
  120  8:55  Zerg Ground Armor Level 2  
  120  9:29  Hydralisk  
  120  9:30  Hydralisk x11  
  125  9:57  Hydralisk x5  
  125  9:58  Hydralisk x4  
  119  10:04  Hydralisk  
  119  10:05  Hydralisk  
  105  10:34  Hydralisk  
  105  10:35  Hydralisk x5  
  107  10:41  Hatchery  
  116  10:57  Hydralisk  
  116  10:58  Hydralisk x5  
  128  11:14  Queen  
  128  11:15  Hydralisk  
  128  11:16  Hydralisk x2  
  128  11:18  Overlord  
  136  11:21  Overlord  
  136  11:26  Hydralisk  
  136  11:31  Hydralisk  
  136  11:32  Hydralisk  
  142  11:36  Hydralisk  
  138  12:10  Hydralisk  
  138  12:11  Hydralisk x8  
  132  12:45  Hydralisk  
  132  12:46  Hydralisk x9  
  150  12:55  Hydralisk  
  150  12:56  Hydralisk  
  142  13:06  Hydralisk x3  
  148  13:20  Hydralisk x4  
  126  13:36  Hydralisk x4  
  100  13:47  Drone x2  
  100  13:48  Drone x4  
  106  13:52  Hydralisk  
  96  14:07  Hydralisk x3  
  95  14:26  Hydralisk x4  
  105  14:35  Hydralisk x3  
  95  14:43  Hydralisk  
  95  14:44  Hydralisk x2  
  94  14:52  Overseer  
Tags
 
Add a new tag
Caveats
  • Supply blocks, unpowered buildings, or Contaminate may cause inaccurate times.
  • Supply counts are checked every 10 seconds.